AoeStats
← QUISPE CHACAL

Arena

506730399Analyzed
3v3 RM · 16d ago on Sep 14, 2026· 43m 36s· 6 players
Game mode
Random Map
Map size
Normal (6 player)
Population
200
Speed
Normal
Resources
Standard
Victory
Conquest
Starting age
Dark Age
Ending age
Imperial Age
RankedLock teamsTeams togetherTeam positionsShared explorationLock speedFull tech treeHidden civsTurbo modeCheats
Victory
Defeat
🇵🇪 Bohemians · Peru
962
+12
🇵🇪 Turks · Peru
949
+13
🇵🇪 Gurjaras · Peru
916
+14
🇺🇸 Bohemians · United States
898
-14
🇺🇸 Cumans · United States
897
-14
🇺🇸 Japanese · United States
824
-11
Cyan
12:02 Feudal Age
14:14 Wheelbarrow
15:25 Horse Collar
15:35 Double-Bit Axe
17:52 Castle Age
23:31 Hand Cart
23:48 Stone Mining
24:48 Heavy Plow
24:48 Loom
24:48 Town Watch
31:08 Imperial Age
28:49 Gold Mining
29:16 Fletching
29:46 Scale Barding Armor
30:01 Bow Saw
30:31 Bodkin Arrow
34:24 Cuman Mercenaries
35:39 Crop Rotation
36:59 Bloodlines
36:09 Light Cavalry
38:25 Hussar
43:21 Two-Man Saw
43:24 Chain Barding Armor
43:15 Forging
R1v3rs
11:50 Feudal Age
11:51 Man-at-Arms
12:26 Arson
13:14 Horse Collar
20:25 Castle Age
18:28 Double-Bit Axe
19:56 Forging
19:47 Scale Mail Armor
21:54 Wheelbarrow
24:16 Hand Cart
25:20 Squires
26:35 Heavy Plow
26:47 Bow Saw
27:39 Gold Mining
27:39 Stone Mining
33:29 Imperial Age
33:50 Gold Shaft Mining
34:28 Masonry
34:30 Fortified Wall
34:32 Masonry
33:56 Elite Samurai
dannyk701
11:19 Feudal Age
15:28 Castle Age
15:50 Forging
17:50 Pikeman
19:43 Horse Collar
25:37 Redemption
29:39 Iron Casting
29:04 Scale Mail Armor
30:00 Heavy Plow
34:54 Imperial Age
34:53 Chemistry
QUISPE CHACAL
11:42 Feudal Age
14:09 Double-Bit Axe
16:58 Castle Age
14:52 Horse Collar
18:11 Bow Saw
23:30 Heavy Plow
25:26 Loom
29:46 Scale Barding Armor
29:53 Forging
29:43 Scale Mail Armor
33:47 Imperial Age
32:41 Fortified Wall
33:37 Town Watch
34:29 Wheelbarrow
34:54 Iron Casting
34:31 Kshatriyas
34:13 Arson
34:44 Masonry
35:11 Crop Rotation
35:58 Chain Mail Armor
37:13 Plate Mail Armor
36:37 Heavy Camel Rider
38:23 Husbandry
38:33 Bloodlines
38:11 Elite Chakram Thrower
38:38 Light Cavalry
42:55 Hussar
Rychiplay
4:14 Loom
12:35 Feudal Age
16:23 Castle Age
14:19 Double-Bit Axe
14:15 Horse Collar
14:40 Gold Mining
22:25 Imperial Age
20:25 Bow Saw
29:00 Padded Archer Armor
38:08 Leather Archer Armor
37:46 Fletching
38:08 Forging
40:34 Gold Shaft Mining
b1t
2:48 Loom
12:26 Feudal Age
16:31 Castle Age
16:08 Double-Bit Axe
16:19 Horse Collar
23:56 Heavy Plow
25:17 Bow Saw
26:04 Wheelbarrow
31:46 Chemistry
31:35 Ballistics
36:34 Imperial Age
37:06 Hand Cart
36:39 Heavy Scorpion
Connection lost

Rejoining the realm…

Still unreachable

The connection could not be restored.

Session expired

The server has moved on; the page needs a fresh start.